 Dungeon Crawl Stone Soup version 0.17.1-3-g152610e (webtiles) character file.

567 Rationalist the Skirmisher (level 7, -11/55 HPs)
             Began as a Demonspawn Berserker on Mar 8, 2016.
             Was a Priest of Trog.
             Mangled by an iguana (12 damage)
             ... on level 7 of the Dungeon.
             The game lasted 00:07:04 (4347 turns).

Rationalist the Skirmisher (Demonspawn Berserker)   Turns: 4347, Time: 00:07:04

Health: -11/55     AC:  5    Str: 18    XL:     7   Next: 11%
Magic:  7/7        EV: 13    Int:  8    God:    Trog [***...]
Gold:   169        SH:  0    Dex: 14    Spells: 0 memorised, 6 levels left

rFire  + + .     SeeInvis .     a - +0 hand axe
rCold  . . .     Clarity  .     b - +0 animal skin
rNeg   . . .     SustAt   .     (no shield)
rPois  .         Gourm    .     (no helmet)
rElec  .         Spirit   .     (no cloak)
rCorr  .         Warding  .     (no gloves)
rMut   .         Stasis   .     (no boots)
MR     .....                    (no amulet)
Stlth  ++........               (no ring)
                                m - ring of protection from fire

@: not resistant to hostile enchantments, unstealthy
A: hooves 1, icy blue scales 2, fire resistance 1
a: Berserk, Trog's Hand, Burn Spellbooks, Renounce Religion


You were on level 7 of the Dungeon.
You worshipped Trog.
Trog was most pleased with you.
You were not hungry.

You visited 1 branch of the dungeon, and saw 5 of its levels.

You collected 169 gold pieces.

Inventory:

Hand Weapons
 a - a +0 hand axe (weapon)
Missiles
 g - 3 tomahawks of returning
 q - 52 bolts
 s - 38 sling bullets
 t - 2 javelins of penetration (quivered)
Armour
 b - a +0 animal skin (worn)
Jewellery
 m - a ring of protection from fire (left hand)
 x - an uncursed amulet of rage {unknown}
Wands
 k - a wand of confusion (27)
Scrolls
 e - a scroll of magic mapping {unknown}
 h - a scroll of random uselessness {unknown}
 i - a scroll of teleportation {unknown}
 j - a scroll of fog {unknown}
 r - a scroll of remove curse {unknown}
 w - a scroll of immolation
Potions
 d - 2 potions of agility
 l - 2 potions of flight
 n - a potion of brilliance
Comestibles
 c - 3 bread rations
 f - 8 chunks of flesh
 o - a meat ration
 u - a royal jelly


   Skills:
 + Level 4.8 Fighting
 + Level 4.2 Axes
 + Level 1.9 Armour
 + Level 4.8 Dodging
 + Level 1.5 Stealth


You had 6 spell levels left.
You didn't know any spells.

Dungeon Overview and Level Annotations

Branches:
Dungeon (7/15)
 Temple: D:4-7

Altars:
Kikubaaqudgha


Innate Abilities, Weirdness & Mutations

You have large cloven feet.
You are mostly covered in icy blue scales (AC +3, EV -1).
Your flesh is heat resistant.


Message History

The quokka skeleton misses you.
You hit the quokka skeleton but do no damage.
Your kick misses the quokka skeleton. The quokka skeleton closely misses you.
Your magical contamination has completely faded away.
You slash the quokka skeleton!
You destroy the quokka skeleton!
Found 9 stones.
An iguana comes into view.
Found a dagger.
You see here a potion of curing.
The iguana bites you.
You barely miss the iguana. The iguana bites you.
* * * LOW HITPOINT WARNING * * *
You hit the iguana but do no damage. You kick the iguana, but do no damage.
The iguana bites you!
* * * LOW HITPOINT WARNING * * *
You hit the iguana. You kick the iguana, but do no damage.
The iguana is moderately wounded.
The iguana bites you!
You die...

..#### . #.####..... #)
#.##.+..... ##.######
#.##.#..... #.......#
#.##.##...# #......l#
#.##.##...# #......@#
#.##.##...#
#......!######.#..#....'
...(..................>#
.#.###########.#<.#....#
# #.#..#.##.#
#.#..#.##.# #$#..#.##.#
#.####.##.# #.# #.##.#


You could see an iguana.

Vanquished Creatures
  A hippogriff (D:7)
  A centaur (D:3)
  A giant frog (D:7)
  A big kobold (D:7)
  A giant frog zombie (D:7)
  An orc priest (D:4)
  4 adders
  3 gnolls (D:2)
  An adder zombie (D:7)
  A worm (D:3)
  6 giant geckos
  7 orcs
  2 ball pythons
  8 bats
  4 giant cockroaches
  10 goblins
  5 hobgoblins
  2 jackals (D:3)
  12 giant newts
  14 kobolds
  A quokka skeleton (D:7)
  8 rats
94 creatures vanquished.

Notes
Turn   | Place    | Note
--------------------------------------------------------------
     0 | D:1      | Rationalist the Demonspawn Berserker began the quest for the Orb.
     0 | D:1      | Reached XP level 1. HP: 18/18 MP: 1/1
   369 | D:1      | Gained mutation: You are partially covered in icy blue scales (AC +1). [demonic ancestry]
   369 | D:1      | Reached XP level 2. HP: 21/24 MP: 2/2
   870 | D:2      | Reached ** piety under Trog
  1069 | D:2      | Gained mutation: Your flesh is heat resistant. [demonic ancestry]
  1069 | D:2      | Reached XP level 3. HP: 8/29 MP: 3/3
  1707 | D:2      | Reached XP level 4. HP: 37/37 MP: 4/4
  2298 | D:2      | Found an ancient bone altar of Kikubaaqudgha.
  2992 | D:3      | Reached skill level 4 in Fighting
  3379 | D:3      | Found a faded altar to an unknown god.
  3382 | D:3      | Reached *** piety under Trog
  3518 | D:3      | Noticed a centaur
  3526 | D:3      | Killed a centaur
  3526 | D:3      | Reached skill level 1 in Stealth
  3526 | D:3      | Reached XP level 5. HP: 16/43 MP: 5/5
  4119 | D:4      | You fall through a shaft for 3 floors!
  4152 | D:7      | Gained mutation: You have large cloven feet. [demonic ancestry]
  4152 | D:7      | Reached XP level 6. HP: 49/49 MP: 6/6
  4191 | D:7      | Noticed a hippogriff
  4230 | D:7      | Killed a hippogriff
  4265 | D:7      | Gained mutation: You are mostly covered in icy blue scales (AC +3, EV -1). [demonic ancestry]
  4265 | D:7      | Reached XP level 7. HP: 12/55 MP: 7/7
  4346 | D:7      | HP: 1/55 [iguana (12)]
  4347 | D:7      | Mangled by an iguana

Action                   |  1- 3 |  4- 6 |  7- 9 || total
-------------------------+-------+-------+-------++-------
Melee: Hand axe          |   103 |   231 |    15 ||   349
Invok: Trog's Hand       |     2 |     2 |       ||     4
       Berserk           |     1 |     4 |       ||     5
  Use: Scroll            |       |     9 |       ||     9
       Potion            |       |    10 |       ||    10
 Stab: Sleeping          |     1 |     2 |       ||     3
  Eat: Fruit             |     2 |       |       ||     2
       Chunk             |     1 |    12 |     3 ||    16
